Map: Rorschach LE

Players

Nacko - Winner!

  • Race: Protoss Protoss
  • League: Gold

JackleDackle

  • Race: Zerg Zerg

VOD

Have the link to the VOD?

Description

Time

  • Played on: Nov. 15, 2026, 3:55 p.m.
  • Length: 9:22
Show
View Real Time Build Order
Export as new Build Order

Nacko Protoss - Winner!

Build Orders: 1 Gate Expand 

Get SALT Encoding   

  12  0:00  Probe (Chrono Boost)  
  13  0:12  Probe (Chrono Boost)  
  14  0:21  Probe (Chrono Boost)  
  14  0:24  Pylon  
  15  0:32  Assimilator  
  16  0:42  Probe  
  16  0:55  Probe, Gateway  
  17  1:07  Probe  
  18  1:19  Probe  
  19  1:30  Nexus  
  19  1:31  Probe (Chrono Boost)  
  20  1:41  Probe (Chrono Boost)  
  20  1:44  Pylon  
  21  1:53  Cybernetics Core  
  21  1:56  Zealot  
  23  2:03  Pylon  
  23  2:11  Probe (Chrono Boost)  
  24  2:27  Gateway  
  24  2:28  Zealot  
  26  2:37  Warp Gate  
  26  2:39  Probe  
  26  2:42  Probe  
  28  2:46  Assimilator  
  28  2:51  Probe  
  29  3:04  Probe  
  30  3:09  Probe  
  31  3:12  Gateway  
  31  3:15  Pylon  
  31  3:16  Probe  
  32  3:21  Probe (Chrono Boost)  
  32  3:23  Twilight Council  
  32  3:24  Assimilator  
  33  3:29  Probe (Chrono Boost)  
  33  3:32  Zealot  
  33  3:33  Probe (Chrono Boost)  
  37  3:36  Zealot  
  39  3:42  Pylon  
  40  3:55  Probe x2  
  40  4:00  Zealot  
  41  4:32  Stalker  
  41  4:40  Zealot  
  41  4:41  Zealot  
  41  4:49  Forge, Probe (Chrono Boost)  
  43  4:55  Probe (Chrono Boost)  
  43  5:03  Probe (Chrono Boost)  
  44  5:07  Pylon  
  44  5:08  Gateway  
  44  5:09  Probe  
  44  5:13  Probe  
  46  5:14  Nexus  
  46  5:18  Stalker  
  46  5:19  Stalker x2  
  52  5:33  Probe x2  
  54  5:41  Assimilator  
  54  5:45  Probe x2  
  54  5:47  Zealot x3  
  52  6:22  Zealot x2  
  52  6:23  Zealot  
  56  6:32  Probe x2 (Chrono Boost)  
  58  6:33  Charge  
  58  6:34  Gateway  
  58  6:36  Gateway  
  58  6:39  Gateway  
  58  6:41  Probe (Chrono Boost)  
  60  6:47  Zealot x3  
  60  6:50  Probe (Chrono Boost)  
  60  6:51  Probe (Chrono Boost)  
  67  6:56  Probe (Chrono Boost)  
  66  7:07  Probe  
  65  7:16  Zealot x3  
  65  7:19  Probe  
  72  7:31  Pylon  
  72  7:32  Probe  
  73  7:44  Probe  
  74  7:46  Pylon  
  74  7:47  Gateway  
  74  7:51  Zealot  
  74  7:52  Zealot x5  
  74  7:53  Zealot  
  74  7:56  Probe  
  74  7:57  Shield Battery  
  89  7:59  Pylon  
  89  8:14  Zealot x2  
  89  8:15  Zealot x5  
  103  8:20  Probe  
  103  8:33  Probe  
  104  8:35  Zealot  
  104  8:36  Zealot  
  108  8:43  Pylon  
  108  8:44  Pylon  
  108  8:45  Probe  
  108  8:46  Pylon x2  
  109  8:49  Pylon  
  109  8:58  Gateway  
  109  9:00  Gateway  
  109  9:01  Gateway, Probe  
  110  9:04  Gateway  
  110  9:07  Gateway  
  110  9:14  Zealot x5  
  110  9:15  Zealot x2  
Show
View Real Time Build Order
Export as new Build Order

JackleDackle Zerg 

Build Orders: Hatch First 

Get SALT Encoding   

  12  0:04  Drone  
  13  0:12  Drone  
  14  0:16  Overlord  
  14  0:45  Drone x3  
  17  0:58  Drone, Hatchery  
  17  1:04  Extractor  
  16  1:11  Spawning Pool  
  15  1:38  Drone  
  16  1:41  Drone x2  
  18  1:50  Drone  
  19  1:59  Queen  
  21  2:01  Overlord  
  21  2:15  Drone  
  22  2:18  Queen  
  24  2:25  Drone x3  
  27  2:47  Drone  
  27  2:48  Drone x3  
  31  3:09  Lair  
  31  3:15  Drone x3  
  31  3:16  Drone, Overlord  
  31  3:17  Overlord x2  
  35  3:24  Drone  
  36  3:36  Zergling x4  
  37  3:52  Zergling x16  
  36  4:07  Zergling x4  
  34  4:14  Drone  
  34  4:15  Drone  
  34  4:28  Queen  
  36  4:34  Baneling Nest, Evolution Chamber  
  36  4:35  Evolution Chamber, Drone x2  
  36  4:36  Drone  
  35  4:45  Zergling x4  
  36  4:46  Zergling x4  
  38  4:55  Drone x2  
  40  5:08  Hatchery  
  40  5:10  Drone x3  
  40  5:11  Overlord  
  42  5:31  Drone x6  
  48  5:37  Centrifugal Hooks  
  48  5:40  Zerg Melee Weapons Level 1, Zerg Ground Armor Level 1  
  48  5:43  Overlord x2  
  48  5:48  Queen  
  48  6:13  Zergling x10  
  48  6:14  Zergling x6  
  48  6:32  Drone  
  49  6:35  Drone  
  49  6:36  Drone x6  
  49  6:37  Drone  
  57  6:48  Overlord x3  
  53  7:06  Zergling x14  
  53  7:07  Zergling x4  
  58  7:19  Zergling x10  
  59  7:32  Zergling x8  
  58  7:43  Zergling x6  
  40  7:59  Zergling x2  
  40  8:00  Zergling x18  
  46  8:06  Zergling x2  
  44  8:21  Zergling x6  
  43  8:31  Zergling x4  
  39  8:44  Zergling x2  
  39  8:45  Zergling x12  
Tags
 
Add a new tag
Caveats
  • Supply blocks, unpowered buildings, or Contaminate may cause inaccurate times.
  • Supply counts are checked every 10 seconds.